 Dungeon Crawl Stone Soup version 0.27-a0-984-g00e00afbbc (webtiles) character file.

Game seed: 10745275229908213005

44 Majang the Chucker (level 3, -5/37 HPs)
             Began as an Ogre Hunter on Apr 15, 2021.
             Slain by Terence
             ... wielding a +0 flail
              (7 damage)
             ... on level 2 of the Dungeon.
             The game lasted 00:08:10 (2017 turns).

Majang the Chucker (Ogre Hunter)                    Turns: 2017, Time: 00:08:12

Health: -5/37      AC:  3    Str: 17    XL:     3   Next: 62%
Magic:  3/3        EV:  9    Int: 12    God:
Gold:   22         SH:  0    Dex:  9    Spells: 2/2 levels left

rFire    . . .     SeeInvis .   a - +0 club
rCold    . . .     Faith    .   (no shield)
rNeg     . . .     Spirit   .   b - +0 robe
rPois    .         Reflect  .   (helmet restricted)
rElec    .         Harm     .   (no cloak)
rCorr    .         Rampage  .   (gloves unavailable)
Will     .....                  (boots unavailable)
Stlth    +.........             (no amulet)
HPRegen  0.12/turn              (no ring)
MPRegen  0.08/turn              (no ring)

@: no status effects
A: large, unfitting armour, tough skin 1
a: no special abilities


You were on level 2 of the Dungeon.
You visited 1 branch of the dungeon, and saw 2 of its levels.

You collected 22 gold pieces.

Inventory:

Hand Weapons
 a - a +0 club (weapon)
Missiles
 j - 6 poisoned darts (quivered)
Armour
 b - a +0 robe (worn)
Scrolls
 e - a scroll of vulnerability {unknown}
 f - 2 scrolls of silence {unknown}
Potions
 g - a potion of ambrosia {unknown}
 h - a potion of heal wounds {unknown}
 i - 2 potions of attraction {unknown}


   Skills:
 + Level 3.2 Fighting
 * Level 1.4 Maces & Flails
 * Level 4.4 Throwing
 - Level 1.7 Dodging
 + Level 1.1 Stealth


You had 2 spell levels left.
You didn't know any spells.
Your spell library was empty.

Dungeon Overview and Level Annotations

Branches:
Dungeon (2/15)

Altars:

Annotations:
D:2 Terence


Innate Abilities, Weirdness & Mutations

You are too large for most types of armour.
You have tough skin. (AC +1)


Message History

Terence closely misses you.
Throw: throwing net
Press: ? - help, Shift-Dir - straight line, f/p - Terence
Aim: Terence, wielding a +0 flail and wearing a +0 scale mail (61% to hit)
You throw a throwing net.
The throwing net closely misses Terence.
Terence hits you with a +0 flail!
Throw: 7 darts (poison)
Press: ? - help, Q - select action, (/) - cycle Shift-Dir - straight line, f/p - Terence
Aim: Terence, wielding a +0 flail and wearing a +0 scale mail (61% to hit)
You throw a poisoned dart. The poisoned dart hits Terence.
Terence closely misses you.
Throw: 5 large rocks
Press: ? - help, Shift-Dir - straight line, f/p - Terence
Aim: Terence, wielding a +0 flail and wearing a +0 scale mail (61% to hit)
You throw a large rock. The large rock barely misses Terence.
Terence barely misses you. x2
Throw: 4 large rocks
Press: ? - help, Shift-Dir - straight line, f/p - Terence
Aim: Terence, wielding a +0 flail and wearing a +0 scale mail (61% to hit)
You throw a large rock. The large rock hits Terence!
Terence is severely wounded.
Terence hits you with a +0 flail.
Throw: 3 large rocks
Press: ? - help, Shift-Dir - straight line, f/p - Terence
Aim: Terence, wielding a +0 flail and wearing a +0 scale mail (severely wounded, 61% to hit)
You throw a large rock. The large rock closely misses Terence.
Terence hits you with a +0 flail. Terence closely misses you.
Throw: 2 large rocks
Press: ? - help, Shift-Dir - straight line, f/p - Terence
Aim: Terence, wielding a +0 flail and wearing a +0 scale mail (severely wounded, 61% to hit)
You throw a large rock. The large rock closely misses Terence.
Terence hits you with a +0 flail! x2
* * * LOW HITPOINT WARNING * * *
Throw: large rock
Press: ? - help, Shift-Dir - straight line, f/p - Terence
Aim: Terence, wielding a +0 flail and wearing a +0 scale mail (severely wounded, 61% to hit)
You throw a large rock. The large rock barely misses Terence.
Terence hits you with a +0 flail!
You die...

#.#.##.#
####.#..#.######
>.....<.........
#####....@..######
+.......h.รท.(#
#.......####.#
#.......# #.#
######### #@# #@#
#.# #.# #.# #.#
######## #.#
#.....<# #.#
#.###### #.# #.#
#.# #.#


You could see Terence.

Vanquished Creatures
  3 bats
  6 endoplasms (D:1)
  A giant cockroach (D:1)
  5 hobgoblins (D:1)
  4 jackals
  2 quokkas (D:1)
  4 ball pythons (D:1)
  2 frilled lizards (D:1)
  4 goblins
  2 kobolds (D:1)
  5 rats (D:1)
38 creatures vanquished.

Notes
Turn   | Place    | Note
-------+----------+-------------------------------------------
     0 | D:1      | Majang the Ogre Hunter began the quest for the Orb.
     0 | D:1      | Reached XP level 1. HP: 22/22 MP: 1/1
   372 | D:1      | Reached XP level 2. HP: 29/29 MP: 2/2
   550 | D:1      | Reached skill level 1 in Maces & Flails
   571 | D:1      | Reached skill level 1 in Stealth
   756 | D:1      | Reached XP level 3. HP: 21/37 MP: 3/3
  1630 | D:2      | Noticed Terence
  2017 | D:2      | Slain by Terence

Illustrated notes

Levels and vault maps discovered:
D:1:      dpeg_arrival_line_fractal, layout_basic, serial_forest,
          infiniplex_forest_clump_diagonal, infiniplex_forest_straight_3,
          infiniplex_forest_end_1, infiniplex_forest_fountain,
          infiniplex_forest_straight_2, infiniplex_forest_lined_4_way,
          infiniplex_forest_lined_corner, minmay_distorted
D:2:      minmay_alternating_diamond, layout_basic,
          ebering_ecumenical_altar_webs, uniq_terence

Skill      XL: |  1  2 |
---------------+-------+-----
Fighting       | 3 |  3.2
Maces & Flails | 1 |  1.4
Stealth        | 1 |  1.1
Throwing       | |  4.4
Dodging        | |  1.7

Action                   || total
-------------------------++-------
Melee: Short sword       ||    51
       Club              ||   126
Throw: Large rock        ||     9
       Dart              ||     3
       Throwing net      ||     2
 Stab: Sleeping          ||     4
Armor: Robe              ||    66
Dodge: Dodged            ||   118

Table legend: (Time is in decaauts)
 A = Elapsed time spent in this place.
 B = Non-inter-level travel time spent in this place.
 C = Inter-level travel time spent in this place.
 D = Time resting spent in this place.
 E = Time spent auto-exploring this place.
 F = Levels seen in this place.
 G = Mean time per level.
                   A        B        C        D        E       F      G
               +--------+--------+--------+--------+--------+-----+--------+
         Total |   2062 |   1994 |     68 |   1029 |    420 |   2 | 1031.0 |
       Dungeon |   2062 |   1994 |     68 |   1029 |    420 |   2 | 1031.0 |
               +--------+--------+--------+--------+--------+-----+--------+

Top non-repeatable levels by time:
     D:1: 1900 daAuts
     D:2: 162 daAuts
